 Dungeon Crawl Stone Soup version 0.29.1-1-gd02db6906a (webtiles) character file.

Game seed: 6277585511238013486

2 Icepheonix32 the Caller (level 1, 0/13 HPs)
             Began as a Merfolk Summoner on Oct 6, 2022.
             Slain by a hobgoblin (1 damage)
             ... on level 1 of the Dungeon.
             The game lasted 00:00:26 (420 turns).

Icepheonix32 the Caller (Merfolk Summoner)           Turns: 420, Time: 00:00:27

Health: 0/13       AC:  2    Str:  8    XL:     1   Next: 30%
Magic:  2/3        EV: 12    Int: 14    God:
Gold:   24         SH:  0    Dex: 14    Spells: 3/4 levels left

rFire   . . .      SeeInvis .   (no weapon)
rCold   . . .      Faith    .   (no shield)
rNeg    . . .      Spirit   .   a - +0 robe
rPois   .          Reflect  .   (no helmet)
rElec   .          Harm     .   (no cloak)
rCorr   .          Rampage  .   (no gloves)
Will    .....                   (no boots)
Stlth   ++........              (no amulet)
HPRegen 0.04/turn               (no ring)
MPRegen 0.08/turn               (no ring)

@: no status effects
A: (nimble swimmer 2), mertail
a: no special abilities


You were on level 1 of the Dungeon.
You visited 1 branch of the dungeon, and saw 1 of its levels.

You collected 24 gold pieces.

Inventory:

Armour
 a - a +0 robe (worn)
 c - a +0 leather armour
Potions
 b - a potion of magic


   Skills:
 + Level 2.8 Dodging
 - Level 2.1 Stealth
 + Level 2.0 Spellcasting
 * Level 4.0 Summonings


You had 3 spell levels left.
You knew the following spells:

 Your Spells              Type           Power      Damage    Failure   Level
a - Summon Small Mammal   Summ           48%        N/A       4%          1

Your spell library contained the following spells:

 Spells                   Type           Power      Damage    Failure   Level
 Call Imp                 Summ           12%        N/A       7%          2
 Call Canine Familiar     Summ           12%        N/A       14%         3
 Summon Guardian Golem    Hex/Summ       7%         N/A       30%         3
 Summon Lightning Spire   Summ/Air       7%         N/A       71%         4


Dungeon Overview and Level Annotations

Branches:
Dungeon (1/15)

Altars:


Innate Abilities, Weirdness & Mutations

((You are very nimble when in or above water. (Stealth+, EV+, Speed+++)))
Your lower body shifts to a powerful aquatic tail in water.


Message History

* * * LOW HITPOINT WARNING * * *
Your bat closely misses the bat.
The bat hits your bat but does no damage.
Your bat hits the bat.
Your rat bites the bat.
The bat dies!
Your rat disappears in a puff of smoke!
Magic restored.
Your bat disappears in a puff of smoke!
HP restored.
A goblin comes into view. It is wielding a +0 club.
The goblin shouts!
You miscast Summon Small Mammal.
You are very lightly contaminated with residual magic.
Nothing appears to happen.
The goblin hits you but does no damage.
You hit the goblin.
The goblin is heavily wounded.
A hobgoblin comes into view.
The goblin barely misses you.
You closely miss the goblin.
The goblin is heavily wounded.
The goblin barely misses you.
The hobgoblin shouts!
You hit the goblin but do no damage.
The goblin is heavily wounded.
The goblin hits you with a +0 club.
You hit the goblin.
The goblin is severely wounded.
The goblin closely misses you.
You hit the goblin.
You kill the goblin!
You completely miss the hobgoblin. The hobgoblin hits you.
Your magical contamination has completely faded away.
You are too injured to fight recklessly!
The hobgoblin barely misses you. The hobgoblin attacks as you move away!
The hobgoblin hits you.
* * * LOW HITPOINT WARNING * * *
Casting: Summon Small Mammal (safe; 4% risk of failure)
Confirm with . or Enter, or press ? or * to list all spells.
The hobgoblin hits you.
You die...

#######.# #..)....#
#.####### #.# #g# ###
####@### #.# #......#
##.####.#.##r#
#.......#.##.#
#######..######....#
..........#################
..................~~~~~≈≈≈#
.##....#............~~~~≈≈#
.......#...~~~~........~~≈#


You could see a hobgoblin (ally target) and a friendly rat (summoned).

Vanquished Creatures
  A goblin (D:1)
1 creature vanquished.

Vanquished Creatures (collateral kills)
  A bat (D:1)
1 creature vanquished.

Grand Total: 2 creatures vanquished

Notes
Turn   | Place    | Note
-------+----------+-------------------------------------------
     0 | D:1      | Icepheonix32 the Merfolk Summoner began the quest for the
                  | Orb.
     0 | D:1      | Reached XP level 1. HP: 13/13 MP: 3/3
   420 | D:1      | Slain by a hobgoblin

Illustrated notes

Levels and vault maps discovered:
D:1:      dpeg_arrival_more_subterranean_lakeside_camping, layout_basic,
          minivault_27, serial_bayou_lagoon_a

Action                   || total
-------------------------++-------
Melee: Unarmed           ||    15
 Cast: Summon Small Mamm ||     7
Armor: Robe              ||    21
Dodge: Dodged            ||    59
